 Dungeon Crawl Stone Soup version 0.28.0-49-g6dfe1f597d (webtiles) character file.

Game seed: 5546764622061310018

11433 Zeld the Geomancer (level 11, -4/68 HPs)
             Began as a Gargoyle Earth Elementalist on May 16, 2022.
             Was a Priest of Vehumet.
             Slain by a white ugly thing (35 damage)
             ... on level 11 of the Dungeon.
             The game lasted 00:24:07 (17870 turns).

Zeld the Geomancer (Gargoyle Earth Elementalist)   Turns: 17870, Time: 00:24:08

Health: -4/68      AC: 18    Str: 13    XL:     11   Next: 77%
Magic:  16/30      EV: 12    Int: 19    God:    Vehumet [***...]
Gold:   1634       SH:  0    Dex: 10    Spells: 18/24 levels left

rFire   . . .      SeeInvis .   a - +2 dire flail (elec)
rCold   . . .      Faith    .   (shield currently unavailable)
rNeg    + . .      Spirit   .   b - +3 leather armour {Will+}
rPois   ∞          Reflect  .   r - +1 helmet
rElec   +          Harm     .   i - scarf {repulsion}
rCorr   .          Rampage  .   g - +0 pair of gloves
Will    +....                   (no boots)
Stlth   +++.......              (no amulet)
HPRegen 0.21/turn               p - ring of wizardry
MPRegen 0.22/turn               h - ring of magical power

@: repel missiles
A: sickness immunity, AC +8, negative energy resistance 1, electricity
resistance, torment resistance 1, petrification resistance
a: Renounce Religion


You were on level 11 of the Dungeon.
You worshipped Vehumet.
Vehumet was most pleased with you.
You visited 2 branches of the dungeon, and saw 12 of its levels.
You also visited: Bailey.

You collected 1731 gold pieces.
You spent 97 gold pieces at shops.

Inventory:

Hand Weapons
 a - a +2 dire flail of electrocution (weapon)
Missiles
 c - 316 stones
Armour
 b - a +3 leather armour of willpower (worn)
 g - a +0 pair of gloves (worn)
 i - a scarf of repulsion (worn)
 r - a +1 helmet (worn)
Jewellery
 h - a ring of magical power (right hand)
 p - a ring of wizardry (left hand)
Wands
 e - a wand of acid (5)
 j - a wand of flame (5)
 u - a wand of iceblast (14)
 w - a wand of digging (5)
Scrolls
 l - 2 scrolls of amnesia
 n - a scroll of magic mapping
 s - 4 scrolls of teleportation
Potions
 d - 7 potions of curing
 f - a potion of resistance {unknown}
 k - 2 potions of mutation
 m - a potion of lignification {unknown}
 o - 2 potions of might {unknown}
 q - a potion of brilliance {unknown}
 t - a potion of flight {unknown}
 v - a potion of degeneration {unknown}
 z - 3 potions of heal wounds
 A - a potion of magic {unknown}


   Skills:
 * Level 8.0 Fighting
 + Level 3.9 Maces & Flails
 * Level 8.1 Armour
 + Level 4.5 Dodging
 + Level 6.6 Stealth
 * Level 7.1 Spellcasting
 - Level 1.0 Transmutations
 * Level 9.9 Earth Magic
 * Level 6.0 Evocations


You had 18 spell levels left.
You knew the following spells:

 Your Spells              Type           Power      Damage    Failure   Level
a - Sandblast             Erth           88%        2d18      1%          1
b - Passwall              Tmut/Erth      22%        N/A       1%          2
c - Stone Arrow           Conj/Erth      50%        3d10      1%          3

Your spell library contained the following spells:

 Spells                   Type           Power      Damage    Failure   Level
 Iskenderun's Mystic Bla  Conj/Tloc      6%         2d4       13%         4
 Magic Dart               Conj           24%        1d4       1%          1
 Mephitic Cloud           Conj/Pois/Air  6%         N/A       4%          3
 Petrify                  Tmut/Erth      27%        N/A       5%          4
 Leda's Liquefaction      Hex/Erth       12%        N/A       6%          4
 Blink                    Tloc           12%        N/A       8%          2
 Call Imp                 Summ           6%         N/A       8%          2
 Corpse Rot               Necr/Air       12%        N/A       8%          2
 Ensorcelled Hibernation  Hex/Ice        12%        N/A       8%          2
 Call Canine Familiar     Summ           6%         N/A       16%         3
 Gell's Gravitas          Tloc           6%         N/A       16%         3
 Lesser Beckoning         Tloc           6%         N/A       16%         3
 Portal Projectile        Hex/Tloc       12%        N/A       16%         3
 Swiftness                Air            6%         N/A       16%         3
 Teleport Other           Tloc           6%         N/A       16%         3
 Dispel Undead            Necr           6%         3d8       43%         4
 Eringya's Noxious Bog    Tmut/Pois      4%         N/A       75%         6
 Manifold Assault         Tloc           6%         N/A       77%         5
 Summon Forest            Summ/Tloc      3%         N/A       77%         5
 Death Channel            Necr           3%         N/A       99%         6
 Storm Form               Tmut/Air       4%         N/A       100%        7
 Summon Hydra             Summ           3%         N/A       100%        7


Dungeon Overview and Level Annotations

Branches:
Dungeon (11/15)            Temple (1/1) D:4            Lair (0/6) D:9
 Bailey (visited)
    Orc: D:9-12

Altars:
Ashenzari
Cheibriados
Dithmenos
Elyvilon
Fedhas
Gozag
Hepliaklqana
Kikubaaqudgha
Makhleb
Nemelex Xobeh
Okawaru
Qazlal
Ru
Sif Muna
Trog
Uskayaw
Vehumet
Wu Jian
Xom
Yredelemnul
Zin
The Shining One

Shops:
D:1 *   D:3 (   D:8 :

Annotations:
D:8 2 transporters, NinjaNoafa's ghost, novice MiFi
D:10 Erica


Innate Abilities, Weirdness & Mutations

You are immune to sickness and miasma.
Your stone body is resilient. (AC +8)
You are immune to poison.
You resist negative energy. (rN+)
You are resistant to electric shocks. (rElec)
You are resistant to unholy torment.
You are immune to petrification.


Message History

The stone arrow hits the white ugly thing!
The white ugly thing is moderately wounded.
Unknown command.
Casting: Stone Arrow (safe; 1% risk of failure)
Confirm with . or Enter, or press ? or * to list all spells.
Aiming: Stone Arrow (safe; 1% risk of failure)
Press: ? - help, Shift-Dir - straight line, f/p - white ugly thing
Aim: a white ugly thing (moderately wounded, 71% to hit)
The stone arrow hits the white ugly thing!
The white ugly thing is heavily wounded.
The white ugly thing barely misses you.
Unknown command.
Casting: Stone Arrow (safe; 1% risk of failure)
Confirm with . or Enter, or press ? or * to list all spells.
Aiming: Stone Arrow (safe; 1% risk of failure)
Press: ? - help, Shift-Dir - straight line, f/p - white ugly thing
Aim: a white ugly thing (heavily wounded, 71% to hit)
The stone arrow hits the white ugly thing!
The white ugly thing is severely wounded.
The white ugly thing closely misses you.
Unknown command.
Casting: Stone Arrow (safe; 1% risk of failure)
Confirm with . or Enter, or press ? or * to list all spells.
Aiming: Stone Arrow (safe; 1% risk of failure)
Press: ? - help, Shift-Dir - straight line, f/p - white ugly thing
Aim: a white ugly thing (severely wounded, 71% to hit)
The stone arrow hits the white ugly thing!
The white ugly thing is almost dead.
The white ugly thing tail-slaps you. The white ugly thing freezes you!!
Ouch! That really hurt!
Casting: Stone Arrow (safe; 1% risk of failure)
Confirm with . or Enter, or press ? or * to list all spells.
Aiming: Stone Arrow (safe; 1% risk of failure)
Press: ? - help, Shift-Dir - straight line, f/p - white ugly thing
Aim: a white ugly thing (almost dead, 71% to hit)
The stone arrow hits the white ugly thing!
The white ugly thing is almost dead.
The white ugly thing tail-slaps you. The white ugly thing freezes you!!
Ouch! That really hurt!
You die...

........##...# #..........
#.....##...# #..<....... #.
#.....##...# #..........
#..#..........###..........
#..........................
#....>.#'####'#########....
#......#............. #....
#......#............. #....
#.###..#..@.......... #....
# #..#..u.......... #....
#..#.....##.....> #....
#..#.....# ...... #....
#..#.....# ###### #....
+...... #.... #....... ....
#.[......


You could see a white ugly thing.

Vanquished Creatures
  Erolcha (D:8)
  3 two-headed ogres
  Sonja (D:10)
  Maggie (D:8)
  2 kobold demonologists (D:7)
  An unseen horror (D:7)
  A troll (D:8)
  A slime creature (D:7)
  Sigmund (D:5)
  A shadow (D:11)
  A vampire (D:7)
  A wyvern (D:7)
  A wraith (D:7)
  Eustachio (D:5)
  2 steam dragons
  Menkaure (D:5)
  Edmund (D:4)
  An acid dragon (D:7)
  2 water moccasins
  10 orc warriors
  2 ice beasts
  4 sky beasts
  3 ogres
  8 centaurs
  A phantom (D:6)
  2 kobold brigands (D:9)
  A wyvern zombie (D:7)
  A gnoll sergeant (D:7)
  A scorpion (D:6)
  4 bullfrogs
  A water moccasin skeleton (D:6)
  A killer bee (D:7)
  8 wights
  A bullfrog zombie (D:5)
  6 centaur zombies
  A bullfrog skeleton (D:4)
  A hound (D:4)
  2 jellies
  5 orc priests
  A centaur skeleton (D:6)
  Crazy Yiuf (D:2)
  An iguana (D:5)
  Ijyb (D:5)
  10 orc wizards
  Natasha (thrice) (D:2)
  A killer bee zombie (D:7)
  2 hound skeletons
  2 howler monkey zombies
  Robin (D:3)
  7 gnolls
  7 adders
  A shadow imp (D:7)
  A white imp (D:7)
  An ufetubus (D:4)
  2 dart slugs
  24 orcs
  6 ball pythons
  9 endoplasms
  7 giant cockroaches
  14 goblins
  12 hobgoblins
  10 jackals
  7 quokkas
  5 bats
  6 frilled lizards
  20 kobolds
  8 rats (D:1)
257 creatures vanquished.

Vanquished Creatures (others)
  An orc (D:7)
1 creature vanquished.

Grand Total: 258 creatures vanquished

Notes
Turn   | Place    | Note
-------+----------+-------------------------------------------
     0 | D:1      | Zeld the Gargoyle Earth Elementalist began the quest for
                  | the Orb.
     0 | D:1      | Reached XP level 1. HP: 10/10 MP: 3/3
   176 | D:1      | Reached skill level 1 in Transmutations
   176 | D:1      | Reached XP level 2. HP: 16/16 MP: 3/5
   179 | D:1      | Learned a level 2 spell: Passwall
   311 | D:1      | Found Foamomoq's General Store.
   353 | D:1      | Reached skill level 1 in Fighting
   489 | D:1      | Found a faded altar of an unknown god.
   497 | D:1      | Reached XP level 3. HP: 20/20 MP: 0/6
  1027 | D:1      | Reached skill level 1 in Armour
  1370 | D:2      | Reached skill level 4 in Earth Magic
  1391 | D:2      | Reached XP level 4. HP: 25/25 MP: 0/7
  1518 | D:2      | Learned a level 3 spell: Stone Arrow
  2027 | D:2      | Noticed Natasha
  2034 | D:2      | Killed Natasha
  2038 | D:2      | Noticed Natasha
  2044 | D:2      | Killed Natasha
  2045 | D:2      | Reached XP level 5. HP: 20/30 MP: 5/9
  2309 | D:2      | You fall into a shaft and drop 2 floors!
  2350 | D:4      | Found a staircase to the Ecumenical Temple.
  2359 | Temple   | Entered the Ecumenical Temple
  2641 | D:4      | Reached XP level 6. HP: 21/36 MP: 6/10
  3141 | D:2      | Found a runed translucent door.
  3142 | D:2      | Noticed Crazy Yiuf
  3215 | D:2      | Noticed Natasha
  3219 | D:2      | Killed Natasha
  3445 | D:1      | Bought 12 stones for 15 gold pieces
  3445 | D:1      | Bought 21 stones for 27 gold pieces
  3445 | D:1      | Bought 6 stones for 7 gold pieces
  3445 | D:1      | Bought 7 stones for 9 gold pieces
  3686 | D:3      | Found Byebb's Weapon Boutique.
  3840 | D:3      | Found a radiant altar of Vehumet.
  3870 | D:1      | Bought a potion of curing for 39 gold pieces
  4102 | D:3      | Found a sparkling altar of Nemelex Xobeh.
  4142 | D:3      | Became a worshipper of Vehumet
  4268 | D:2      | Killed Crazy Yiuf
  4843 | D:3      | Noticed Robin
  4846 | D:3      | Killed Robin
  4885 | D:3      | Reached skill level 5 in Earth Magic
  5046 | D:4      | Noticed Edmund
  5377 | D:4      | Found a white marble altar of Elyvilon.
  5855 | D:4      | Killed Edmund
  5856 | D:4      | Reached XP level 7. HP: 11/41 MP: 0/12
  6242 | D:4      | Reached * piety under Vehumet
  6242 | D:4      | Offered knowledge of Shock by Vehumet.
  6442 | D:5      | Entered Level 5 of the Dungeon
  6464 | D:5      | Noticed Eustachio
  6569 | D:5      | Killed Eustachio
  6685 | D:5      | Noticed Menkaure
  6690 | D:5      | Killed Menkaure
  6691 | D:5      | Reached skill level 1 in Evocations
  6773 | D:5      | Reached XP level 8. HP: 46/48 MP: 1/14
  6881 | D:5      | Noticed Sigmund
  6939 | D:5      | Killed Sigmund
  6940 | D:5      | Reached skill level 6 in Earth Magic
  7052 | D:5      | Noticed Ijyb
  7056 | D:5      | Killed Ijyb
  8487 | D:6      | Reached XP level 9. HP: 36/53 MP: 7/16
  8593 | D:6      | Reached skill level 5 in Armour
  8638 | D:6      | Reached skill level 5 in Fighting
  8852 | D:6      | Found a stormy altar of Qazlal.
  8931 | D:6      | Reached skill level 7 in Earth Magic
  9067 | D:6      | Found a shimmering blue altar of Sif Muna.
  9159 | D:7      | Identified 2 scrolls of acquirement
  9222 | D:7      | Acquired 686 gold pieces
  9226 | D:7      | Acquired 554 gold pieces
  9252 | D:7      | Found a snail-covered altar of Cheibriados.
  9265 | D:7      | Found a flagged portal.
  9274 | Bailey   | Entered a bailey
  9279 | Bailey   | Noticed an orc warlord
  9620 | D:7      | Reached skill level 5 in Spellcasting
  9831 | D:6      | Reached skill level 1 in Maces & Flails
  9908 | D:7      | Offered knowledge of Freeze by Vehumet.
  9919 | D:6      | Reached ** piety under Vehumet
 10414 | D:7      | Noticed a troll
 10415 | D:7      | Noticed a two-headed ogre
 10441 | D:7      | Reached skill level 5 in Stealth
 10574 | D:7      | Found a hide-covered altar of Uskayaw.
 10695 | D:7      | Reached XP level 10. HP: 60/60 MP: 8/18
 10699 | D:7      | Noticed a kobold demonologist
 10700 | D:7      | Noticed a two-headed ogre
 10709 | D:7      | Reached skill level 8 in Earth Magic
 10709 | D:7      | Noticed a smoke demon
 11345 | D:7      | Killed a two-headed ogre
 11609 | D:7      | Noticed a kobold demonologist
 11622 | D:7      | Killed a kobold demonologist
 11642 | D:7      | Offered knowledge of Dazzling Flash by Vehumet.
 11657 | D:7      | Noticed an orange demon
 11976 | D:7      | Killed a kobold demonologist
 12467 | D:7      | Killed a two-headed ogre
 12468 | D:7      | Reached skill level 5 in Evocations
 12763 | D:7      | Found a shimmering altar of Xom.
 12763 | D:7      | Found a shimmering altar of Xom.
 12764 | D:7      | Found a shimmering altar of Xom.
 12764 | D:7      | Found a shimmering altar of Xom.
 13056 | D:8      | Reached skill level 9 in Earth Magic
 13056 | D:8      | Reached XP level 11. HP: 41/67 MP: 19/20
 13211 | D:8      | Found a transporter.
 13251 | D:7      | HP: 3/67 [vampire/bolt of acid (27)]
 13981 | D:8      | Noticed NinjaNoafa's ghost (novice MiFi)
 13999 | D:8      | Noticed a moth of wrath
 14018 | D:8      | Found a bloodstained altar of Trog.
 14018 | D:8      | Found a transporter.
 14201 | D:8      | Noticed Maggie
 14355 | D:8      | Killed Maggie
 14465 | D:8      | Reached *** piety under Vehumet
 14740 | D:8      | Found Xirutif's Book Shoppe.
 15486 | D:9      | Found a sacrificial altar of Ru.
 15489 | D:9      | Noticed Erolcha
 15657 | D:8      | Killed Erolcha
 16096 | D:9      | Found a staircase to the Lair.
 16215 | D:9      | Offered knowledge of Iskenderun's Mystic Blast by Vehumet.
 16571 | D:9      | Noticed a two-headed ogre
 16579 | D:9      | Killed a two-headed ogre
 16761 | D:9      | Found a glowing silver altar of Zin.
 16781 | D:10     | Entered Level 10 of the Dungeon
 16976 | D:10     | Noticed Sonja
 16987 | D:10     | Killed Sonja
 17590 | D:10     | Noticed Erica
 17802 | D:11     | Noticed a white ugly thing
 17838 | D:10     | Found an ornate altar of the Wu Jian Council.
 17870 | D:11     | Slain by a white ugly thing

Illustrated notes

Levels and vault maps discovered:
D:1:      dpeg_arrival_ratfight, layout_loops_ring,
          hellmonk_ecumenical_altar_lost_god, serial_shops, shop, serial_rivers,
          chequers_serial_rivers_marsh, chequers_serial_rivers_large_a,
          chequers_serial_rivers_micro_c, chequers_serial_rivers_micro_b,
          chequers_serial_rivers_micro_c, chequers_serial_rivers_large_b
D:2:      layout_basic, serial_glass, glass_columns_b, glass_columns_a,
          uniq_natasha, uniq_crazy_yiuf_cottage
D:3:      cheibrodos_helix_gallery, layout_loops_ring,
          mainiacjoe_overflow_cross_hatched, nemelex_diamond_rough_becter,
          serial_shops, nicolae_shop_advertising_works
          [nicolae_subvault_shop_adworks], uniq_robin
D:4:      layout_basic, mainiacjoe_overflow_paths, temple_green, uniq_edmund
D:5:      layout_gridville, minmay_crystal_room, uniq_eustachio, uniq_ijyb,
          uniq_sigmund, uniq_menkaure
D:6:      layout_rooms, mainiacjoe_overflow_alcove_4,
          mainiacjoe_overflow_surrounded_room, minmay_chambers_of_fives
D:7:      minmay_the_grid_octo_tiled_octocenter [minmay_the_grid_octo_checkered,
          minmay_the_grid_octo_concentric, minmay_the_grid_octo_horde,
          minmay_the_grid_octo_pinwheel,
          minmay_the_grid_octo_prize_ultimate_mussel_roller,
          minmay_the_grid_square_5x5_corner, minmay_the_grid_square_5x5_meh,
          minmay_the_grid_square_5x5_comb, minmay_the_grid_square_5x5_inset],
          layout_loops_cross, old_standard_altar, cheibriados_altar_1,
          xom_redecorated, enter_bailey_8, kennysheep_generic_room_9
D:8:      layout_cave_pods, serial_shops, shop,
          gammafunk_ghost_wrathful_warriors, uniq_maggie
D:9:      layout_roguey, lemuel_coloured_pillars_altar,
          nicolae_overflow_crystal_walls, lair_entry_dummy, uniq_erolcha
D:10:     layout_gridville, nicolae_overflow_hidden_temple, uniq_sonja,
          uniq_erica
D:11:     layout_stronghold, nicolae_trove_entry_isolated,
          nicolae_concentric_dashed_squares_mild, uniq_snorg
Temple:   minmay_freezing_vapour_temple

Skill      XL: |  1  2  3  4  5  6  7  8  9 10 11 |
---------------+----------------------------------+-----
Transmutations | 1 |  1.0
Fighting       | 1 2 3 4 5 7 8 |  8.0
Armour         | 1 2 3 4 6 7 8 |  8.1
Earth Magic    | 4 5 6 7 9 |  9.9
Dodging        | 2 3 4 |  4.5
Spellcasting   | 3 4 5 6 7 |  7.1
Stealth        | 3 4 5 6 |  6.6
Evocations     | 1 2 4 5 6 |  6.0
Maces & Flails | 1 3 |  3.9

Action                   |  1- 3 |  4- 6 |  7- 9 | 10-12 || total
-------------------------+-------+-------+-------+-------++-------
Melee: Unarmed           |    25 |    98 |       |       ||   123
       Punch             |       |     1 |       |       ||     1
       Dire flail        |       |       |   174 |   196 ||   370
 Cast: Sandblast         |    42 |    88 |     3 |     1 ||   134
       Stone Arrow       |       |    20 |    91 |   168 ||   279
Evoke: Wand              |       |       |     1 |     6 ||     7
  Use: Scroll            |       |       |     9 |     9 ||    18
 Stab: Distracted        |       |     1 |       |       ||     1
       Sleeping          |       |     1 |     4 |       ||     5
Armor: Robe              |    17 |    71 |    23 |       ||   111
       Leather armour    |       |       |   173 |   223 ||   396
Dodge: Dodged            |    25 |   121 |   191 |   225 ||   562
       Repelled          |       |       |       |     3 ||     3
